 Dungeon Crawl Stone Soup version 0.28.0-49-g6dfe1f597d (webtiles) character file.

Game seed: 3608819917421440076

10714 acdeimund the Cleaver (level 11, 2/100 HPs)
             Began as a Deep Dwarf Fighter on May 13, 2022.
             Was a Priest of Makhleb.
             Quit the game on level 3 of the Abyss.
             The game lasted 00:43:05 (8531 turns).

acdeimund the Cleaver (Deep Dwarf Fighter)          Turns: 8531, Time: 00:43:06

Health: 2/100      AC: 22    Str: 30    XL:     11   Next: 39%
Magic:  14/14      EV:  7    Int:  9    God:    Makhleb [***...]
Gold:   398        SH:  0    Dex: 12    Spells: 10/10 levels left

rFire   . . .      SeeInvis .   b - +3 dagger (vamp)
rCold   . . .      Faith    .   c - +0 buckler
rNeg    . . .      Spirit   .   I - +3 plate armour
rPois   +          Reflect  +   (helmet restricted)
rElec   .          Harm     .   r - +1 cloak {rPois}
rCorr   .          Rampage  .   n - +2 pair of gloves
Will    +....                   (no boots)
Stlth   ..........              z - amulet of reflection
HPRegen 0.00/turn               o - +6 ring of strength
MPRegen 0.14/turn               D - +4 ring of slaying

@: confused, sick, unable to read
A: damage resistance, heal wounds, sense surroundings 2, no regeneration, horns
1, inability to read while threatened
a: Heal Wounds, Renounce Religion, Minor Destruction, Lesser Servant of Makhleb


You were on level 3 of the Abyss.
You worshipped Makhleb.
Makhleb was most pleased with you.
You visited 2 branches of the dungeon, and saw 11 of its levels.
You visited the Abyss 1 time.

You collected 542 gold pieces.
You spent 144 gold pieces at shops.

Inventory:

Hand Weapons
 a - a +0 war axe of venom
 b - a +3 vampiric dagger (weapon)
 s - the +11 mace "Deave" {venom, *Corrode rPois rC+ Str+7}
   (You found it on level 3 of the Dungeon)

   It poisons the flesh of those it strikes.
   Str:       It affects your strength (+7).
   rC:        It protects you from cold.
   rPois:     It protects you from poison.
   *Corrode:  It may corrode you when you take damage.
 L - a +2 scimitar of flaming
Missiles
 p - 38 poisoned darts
 y - 2 throwing nets
Armour
 c - a +0 buckler (worn)
 d - a +0 chain mail
 n - a +2 pair of gloves (worn)
 r - a +1 cloak of poison resistance (worn)
 x - a +0 helmet
 I - a +3 plate armour (worn)
 J - a +0 pair of gloves
 M - a +0 helmet
Jewellery
 k - a ring of fire
 o - a +6 ring of strength (left hand)
 v - an amulet of faith
 z - an amulet of reflection (around neck)
 C - a ring of flight
 D - a +4 ring of slaying (right hand)
 F - a ring of ice
Wands
 q - a wand of flame (16)
 K - a wand of acid (3)
Scrolls
 f - a scroll of blinking
 u - 4 scrolls of teleportation
 A - 2 scrolls of amnesia
 B - 4 scrolls of fog
 E - a scroll of immolation
 G - a scroll of fear
Potions
 e - 4 potions of mutation
 g - 6 potions of flight
 h - a potion of might
 i - 3 potions of curing
 j - a potion of haste
 l - 2 potions of magic
 m - a potion of brilliance
 t - 3 potions of heal wounds
 w - a potion of resistance
 H - a potion of lignification {unknown}


   Skills:
 + Level 7.2 Fighting
 * Level 11.3(11.7) Axes
 - Level 4.0(7.8) Maces & Flails
 + Level 8.5 Armour
 + Level 8.5 Shields
 + Level 8.1 Invocations
 + Level 4.9 Evocations


You had 10 spell levels left.
You didn't know any spells.
Your spell library contained the following spells:

 Spells                   Type           Power      Damage    Failure   Level
 Animate Skeleton         Necr           0%         N/A       98%         1
 Pain                     Necr           0%         1d4       98%         1
 Shock                    Conj/Air       0%         1d3       98%         1
 Blink                    Tloc           0%         N/A       99%         2
 Conjure Flame            Conj/Fire      0%         6-21      100%        3
 Ignite Poison            Fire/Tmut/Pois 0%         N/A       100%        3
 Lesser Beckoning         Tloc           0%         N/A       100%        3
 Swiftness                Air            0%         N/A       100%        3
 Vampiric Draining        Necr           0%         2d6       100%        3
 Airstrike                Air            0%         N/A       100%        4
 Anguish                  Hex/Necr       0%         N/A       100%        4
 Cause Fear               Hex            0%         N/A       100%        4
 Hailstorm                Conj/Ice       0%         3d3       100%        4
 Ice Form                 Ice/Tmut       0%         N/A       100%        4
 Sticky Flame             Conj/Fire      0%         2d3       100%        4
 Manifold Assault         Tloc           0%         N/A       100%        5
 Simulacrum               Ice/Necr       0%         N/A       100%        6
 Dragon Form              Tmut           0%         N/A       100%        7
 Death's Door             Necr           0%         N/A       100%        9
 Dragon's Call            Summ           0%         N/A       100%        9


Dungeon Overview and Level Annotations

Branches:
Dungeon (10/15)            Temple (1/1) D:5            Lair (0/6) D:8
    Orc (0/2) D:9

Altars:
Ashenzari
Cheibriados
Dithmenos
Elyvilon
Fedhas
Gozag
Hepliaklqana
Kikubaaqudgha
Makhleb
Nemelex Xobeh
Okawaru
Qazlal
Ru
Sif Muna
Trog
Uskayaw
Vehumet
Wu Jian
Xom
Yredelemnul
Zin
The Shining One

Shops:
D:8 !

Annotations:
D:6 3 runed translucent doors, GigaChad's ghost, novice MiFi; Iusername's ghost, novice MiFi; osinmv's ghost, novice TrMo; pkoi's ghost, novice DgIE


Innate Abilities, Weirdness & Mutations

You are resistant to damage.
You can heal yourself by infusing magical energy.
You passively map the area around you.
You do not regenerate.
You have a pair of small horns on your head.
You sometimes lose the ability to read scrolls when taking damage.


Message History

Something hits you!
* * * LOW HITPOINT WARNING * * *
Something bites you but does no damage.
You slash something!
Reactivating autopickup.
The golden eye blinks!
The golden eye blinks!
The golden eye turns its gaze towards you.
The golden eye blinks at you.
You are confused.
Your +0 war axe of venom stops dripping with poison.
You feel a sense of dread.
b - a +3 vampiric dagger (weapon)
You're too confused to move!
The golden eye blinks at you.
You easily resist.
You can read scrolls again.
You bump into the stone wall.
The golden eye pulsates ominously.
The golden eye blinks at you. You resist with almost no effort.
The golden eye blinks at you.
You easily resist.
The golden eye blinks!
You bump into the stone wall.
You feel less confused. The golden eye blinks at you.
You are confused.
The raiju bursts into living lightning!
The living lightning hits you.
* * * LOW HITPOINT WARNING * * *
The raiju blinks!
You bump into the stone wall.
The raiju bites you. The raiju shocks you!
You feel threatened and lose the ability to read scrolls!
* * * LOW HITPOINT WARNING * * *
You bump into the stone wall.
The raiju bites you.
* * * LOW HITPOINT WARNING * * *
The raiju shocks you!
* * * LOW HITPOINT WARNING * * *
Unknown command.
Are you sure you want to abandon this character and quit the game? (Confirm with "yes".)

#. ####☼###
.#. .. .
...... # .#
.#....#..# .
# ##. ..#.
.##.#..#..###
# .##.##..##
# ##
.##..§...#
#.#.#.#G..#
#.####@#..# #
##h.# .# .
#..# .# .
#.##G.# #. .#
##


You could see a raiju and a golden eye.

Vanquished Creatures
  Fannar (D:10)
  Erica (D:10)
  A large abomination (Abyss:3)
  6 wizards (D:10)
  Pikel (D:6)
  A shining eye (shapeshifter) (D:10)
  A manticore (D:10)
  2 kobold demonologists (D:10)
  An ancient zyme (Abyss:3)
  Grinder (D:3)
  Prince Ribbit (D:5)
  A vampire (Abyss:3)
  A shadow (D:9)
  Sigmund (D:2)
  A wraith (D:9)
  A chaos spawn (Abyss:3)
  Menkaure (D:7)
  A water moccasin (D:9)
  Duvessa (D:5)
  2 orc warriors
  3 black bears
  3 ogres
  2 necrophages
  A centaur (D:10)
  6 kobold brigands
  3 bullfrogs
  2 wyvern skeletons (D:7)
  Dowan (D:5)
  4 killer bees (D:9)
  A howler monkey (D:9)
  8 wights
  4 centaur zombies
  A bullfrog zombie (D:3)
  7 orc priests
  A jelly (D:6)
  A gnoll shaman (D:7)
  2 hounds
  Crazy Yiuf (D:3)
  A centaur skeleton (D:7)
  Jessica (D:2)
  2 iguanas (D:6)
  5 orc wizards
  A killer bee zombie (D:7)
  2 howler monkey zombies
  Robin (D:2)
  A howler monkey skeleton (D:5)
  10 gnolls
  8 adders
  2 ufetubi (D:7)
  An adder zombie (D:5)
  2 worms
  22 orcs
  4 ball pythons
  11 endoplasms
  A giant cockroach (D:2)
  18 goblins
  6 hobgoblins
  6 jackals
  3 quokkas
  6 bats
  3 frilled lizards
  28 kobolds
  5 rats
228 creatures vanquished.

Vanquished Creatures (others)
  An endoplasm (D:2)
  A fungus (D:1)
  A plant (D:1)
3 creatures vanquished.

Grand Total: 231 creatures vanquished

Notes
Turn   | Place    | Note
-------+----------+-------------------------------------------
     0 | D:1      | acdeimund the Deep Dwarf Fighter began the quest for the
                  | Orb.
     0 | D:1      | Reached XP level 1. HP: 20/20 MP: 1/1
   141 | D:1      | Reached XP level 2. HP: 27/27 MP: 2/2
   377 | D:1      | Found a faded altar of an unknown god.
   563 | D:2      | Reached skill level 3 in Axes
   567 | D:2      | Noticed Robin
   571 | D:2      | Reached XP level 3. HP: 33/33 MP: 3/3
   620 | D:2      | Killed Robin
   724 | D:2      | Reached XP level 4. HP: 34/42 MP: 4/4
   836 | D:2      | Noticed Sigmund
  1153 | D:3      | Noticed a necrophage
  1319 | D:2      | Noticed Jessica
  1345 | D:2      | Killed Jessica
  1370 | D:2      | Reached skill level 4 in Axes
  1473 | D:2      | Killed Sigmund
  1474 | D:2      | Reached XP level 5. HP: 49/49 MP: 4/4
  1474 | D:2      | Reached XP level 6. HP: 56/56 MP: 5/5
  1649 | D:3      | Noticed Grinder
  1665 | D:3      | Killed Grinder
  1666 | D:3      | Reached skill level 5 in Axes
  1824 | D:3      | Reached XP level 7. HP: 44/64 MP: 6/6
  1833 | D:3      | Reached skill level 5 in Armour
  1849 | D:3      | Found a runed translucent door.
  1850 | D:3      | Noticed Crazy Yiuf
  1872 | D:3      | Killed Crazy Yiuf
  1873 | D:3      | Reached skill level 5 in Shields
  1877 | D:3      | Identified the +11 mace "Deave" {venom, *Corrode rPois rC+
                  | Str+7}
  2562 | D:4      | Identified the +4 falchion of the Singing Vulture {drain,
                  | rElec Dex+5 Stlth+}
  2851 | D:5      | Entered Level 5 of the Dungeon
  2920 | D:5      | Found a staircase to the Ecumenical Temple.
  2930 | Temple   | Entered the Ecumenical Temple
  2984 | Temple   | Became a worshipper of Makhleb the Destroyer
  3101 | D:5      | You fall into a shaft and drop 3 floors!
  3126 | D:8      | Reached skill level 6 in Axes
  3141 | D:8      | Reached skill level 1 in Invocations
  3141 | D:8      | Reached XP level 8. HP: 54/71 MP: 7/7
  3216 | D:8      | Found Kuas's Distillery.
  3221 | D:8      | Bought a potion of might for 48 gold pieces
  3221 | D:8      | Bought a potion of curing for 36 gold pieces
  3221 | D:8      | Bought a potion of heal wounds for 60 gold pieces
  3499 | D:8      | Found a staircase to the Lair.
  3509 | D:8      | Identified the +4 rapier of Pain and Death {elec, Fragile
                  | rElec Str+3 SInv}
  3734 | D:7      | Reached * piety under Makhleb
  3820 | D:7      | Reached skill level 7 in Axes
  4507 | D:7      | Noticed a cyclops
  4600 | D:6      | Reached skill level 5 in Fighting
  4659 | D:6      | Noticed Pikel
  4690 | D:6      | Killed Pikel
  4691 | D:6      | Gained mutation: You passively map the area around you.
                  | [Deep Dwarf growth]
  4691 | D:6      | Reached XP level 9. HP: 80/81 MP: 7/9
  4764 | D:6      | Reached skill level 8 in Axes
  5196 | D:6      | Found a runed translucent gate.
  5196 | D:6      | Found a runed translucent gate.
  5196 | D:6      | Found a runed translucent gate.
  5197 | D:6      | Noticed Iusername's ghost (novice MiFi)
  5197 | D:6      | Noticed GigaChad's ghost (novice MiFi)
  5198 | D:6      | Noticed pkoi's ghost (novice DgIE)
  5198 | D:6      | Noticed osinmv's ghost (novice TrMo)
  5396 | D:5      | Noticed Dowan
  5396 | D:5      | Noticed Duvessa
  5418 | D:5      | Killed Dowan
  5434 | D:5      | Killed Duvessa
  5654 | D:5      | Reached skill level 5 in Invocations
  5678 | D:5      | Reached ** piety under Makhleb
  5750 | D:5      | Noticed Prince Ribbit
  5757 | D:5      | Killed Prince Ribbit
  6103 | D:7      | Noticed Menkaure
  6113 | D:7      | Killed Menkaure
  6219 | D:8      | Reached skill level 9 in Axes
  6785 | D:9      | Reached XP level 10. HP: 89/91 MP: 11/11
  6809 | D:9      | Got the Handbook of Sinister Rituals and Flames
  6874 | D:9      | Found a staircase to the Orcish Mines.
  6954 | D:9      | Found a radiant altar of Vehumet.
  7498 | D:10     | Entered Level 10 of the Dungeon
  7586 | D:10     | Reached skill level 1 in Evocations
  7719 | D:10     | Noticed Erica
  7747 | D:10     | Killed Erica
  7748 | D:10     | Reached skill level 10 in Axes
  7832 | D:10     | Noticed a soul eater
  7845 | D:10     | Noticed a soul eater
  7953 | D:10     | Noticed Fannar
  7968 | D:10     | Noticed a wizard
  7970 | D:10     | Killed Fannar
  7975 | D:10     | Noticed a wizard
  8255 | D:10     | Killed a wizard
  8260 | D:10     | Noticed a shining eye
  8275 | D:10     | Gained mutation: You have a pair of small horns on your
                  | head. [a shining eye]
  8276 | D:10     | Gained mutation: You sometimes lose the ability to read
                  | scrolls when taking damage. [a shining eye]
  8282 | D:10     | Killed a shining eye
  8282 | D:10     | Reached *** piety under Makhleb
  8283 | D:10     | Reached XP level 11. HP: 82/99 MP: 13/13
  8298 | D:10     | Killed a wizard
  8317 | D:10     | Noticed a wizard
  8320 | D:10     | Noticed a wizard
  8326 | D:10     | Killed a wizard
  8327 | D:10     | Reached skill level 11 in Axes
  8327 | D:10     | Noticed a wizard
  8348 | D:10     | Killed a wizard
  8358 | D:10     | Killed a wizard
  8374 | D:10     | Noticed a wizard
  8391 | D:10     | Killed a wizard
  8403 | D:10     | Noticed a wizard
  8414 | D:10     | Noticed a wizard
  8424 | D:10     | Cast into level 3 of the Abyss (a wizard)
  8492 | Abyss:3  | Noticed a large abomination
  8507 | Abyss:3  | Killed a large abomination
  8530 | Abyss:3  | HP: 2/100 [raiju (6)]
  8531 | Abyss:3  | Quit the game

Illustrated notes

Levels and vault maps discovered:
D:1:      minmay_arrival_five_plusses, layout_basic,
          dreamdust_ecumenical_altar_hidden_monk_grotto
D:2:      layout_basic, uniq_sigmund, uniq_jessica, uniq_robin
D:3:      layout_basic, uniq_crazy_yiuf_cottage, uniq_grinder
D:4:      layout_rooms, minmay_starry_boxes
D:5:      layout_basic, minmay_temple_entry_steel_oval, uniq_prince_ribbit1,
          uniq_duvessa
D:6:      layout_loops_ring, gammafunk_ghost_cemetery, uniq_pikel
D:7:      layout_basic, nrook_mini_vaults, uniq_menkaure
D:8:      layout_loops_ring, lair_entry_dummy, serial_shops,
          nicolae_shop_hallway_plus, serial_glass, glass_columns_b,
          glass_columns_c, lemuel_old_faithful
D:9:      layout_irregular_city, mainiacjoe_overflow_paths, orc_0_dummy
D:10:     minmay_smoke_and_mirrors, layout_long_grid, dk_vineyard_1, uniq_erica,
          uniq_fannar
Temple:   grunt_wide_crystal_templ
Abyss:3:  base: D:6, lemuel_flamethrower_2, lemuel_flamethrower_2

Skill      XL: |  1  2  3  4  5  6  7  8  9 10 11 |
---------------+----------------------------------+-----
Axes           | 3 4 5 6 7 9 10 11 | 11.3
Fighting       | 3 4 5 6 7 |  7.2
Armour         | 4 5 6 7 8 |  8.5
Shields        | 4 5 6 7 8 |  8.5
Maces & Flails | 4 |  4.0
Invocations    | 1 4 5 7 8 |  8.1
Evocations     | 3 4 |  4.9

Action                   |  1- 3 |  4- 6 |  7- 9 | 10-12 || total
-------------------------+-------+-------+-------+-------++-------
Melee: War axe           |    33 |    30 |   216 |   125 ||   404
       Dagger            |   120 |   118 |   326 |   126 ||   690
       Mace              |       |       |    19 |       ||    19
       Headbutt          |       |       |       |    20 ||    20
Invok: Minor Destruction |       |       |       |     2 ||     2
 Abil: Heal Wounds       |       |     2 |     8 |     2 ||    12
  Use: Potion            |       |     1 |     1 |     2 ||     4
       Scroll            |       |     5 |    12 |     5 ||    22
Armor: Scale mail        |    90 |    61 |       |       ||   151
       Chain mail        |       |     8 |   194 |       ||   202
       Plate armour      |       |       |    49 |   161 ||   210
Dodge: Dodged            |    91 |    69 |   139 |    47 ||   346
Block: Buckler           |    53 |    41 |   236 |   146 ||   476
       Reflection        |       |       |     5 |     5 ||    10
